 Dungeon Crawl Stone Soup version 0.21.0 (webtiles) character file.

19066 Lanoc the Basher (level 12, -3/97 HPs)
             Began as a Gnoll Wanderer on Jan 6, 2018.
             Was the Champion of Yredelemnul.
             Slain by a fire elemental (14 damage)
             ... led by Azrael
             ... on level 13 of the Dungeon.
             The game lasted 00:46:18 (12679 turns).

Lanoc the Basher (Gnoll Wanderer)                  Turns: 12679, Time: 00:46:19

Health: -3/97      AC:  9    Str: 14    XL:     12   Next: 65%
Magic:  23/23      EV: 17    Int: 17    God:    Yredelemnul [******]
Gold:   737        SH: 12    Dex: 26    Spells: 21/25 levels left

rFire    . . .     SeeInvis .   d - +12 whip "Acaffuf" {slash, MR+}
rCold    . . .     Gourm    +   a - +0 shield
rNeg     . . .     Faith    .   W - +0 acid dragon scales
rPois    .         Spirit   .   v - +0 helmet
rElec    .         Reflect  .   (no cloak)
rCorr    +         Harm     .   (no gloves)
MR       +....                  (no boots)
Stlth    +++.......             l - amulet of the gourmand
HPRegen  0.26/turn              o - +3 ring of dexterity
MPRegen  0.18/turn              K - ring of the Cockroach {rCorr Dex+5 Stlth-}

@: no status effects
A: distributed training, fangs 1, strong nose
a: Recall Undead Slaves, Injury Mirror, Animate Dead, Drain Life, Enslave Soul,
Renounce Religion


You were on level 13 of the Dungeon.
You worshipped Yredelemnul.
Yredelemnul was exalted by your worship.
You were very full.

You visited 2 branches of the dungeon, and saw 14 of its levels.
You also visited: Bailey.

You collected 974 gold pieces.
You spent 237 gold pieces at shops.

Inventory:

Hand Weapons
 b - a +0 hand crossbow
 d - the +12 whip "Acaffuf" (weapon) {slash, MR+}
   (You found it on level 4 of the Dungeon)

   It inflicts extra damage upon your enemies.
   It affects your resistance to hostile enchantments.
 E - a +0 fustibalus
 G - a +1 shortbow of freezing
 R - the +5 battleaxe "Geitom" {venom, Str+2 Int-5 Stlth+}
   (You found it on level 13 of the Dungeon)

   It poisons the flesh of those it strikes.
   It affects your strength (+2).
   It affects your intelligence (-5).
   It makes you more stealthy.
Missiles
 c - 148 bolts
 s - 396 arrows
 D - 78 sling bullets
 F - 6 tomahawks of returning (quivered)
Armour
 a - a +0 shield (worn)
 q - a +1 robe of the Archmagi
 v - a +0 helmet (worn)
 P - a +1 ring mail of poison resistance
 W - +0 acid dragon scales (worn)
Magical Staves
 V - an uncursed staff of wizardry
Jewellery
 j - an uncursed ring of positive energy
 l - an amulet of the gourmand (around neck)
 o - a +3 ring of dexterity (left hand)
 K - the ring of the Cockroach (right hand) {rCorr Dex+5 Stlth-}
   (You found it on level 7 of the Dungeon)

   [ring of resist corrosion]

   It affects your dexterity (+5).
   It makes you less stealthy.
 O - an uncursed ring of protection from magic
Wands
 t - a wand of digging (21)
 x - a wand of flame (30)
 z - a wand of random effects (35)
 A - a wand of enslavement (17)
 M - a wand of iceblast (9)
 T - a wand of clouds (5)
Scrolls
 h - 9 scrolls of remove curse
 r - 8 scrolls of teleportation
 u - 5 scrolls of amnesia {unknown}
 w - a scroll of enchant armour
 y - 6 scrolls of identify
 J - 2 scrolls of random uselessness {unknown}
 L - 2 scrolls of blinking {unknown}
 N - a scroll of immolation {unknown}
 Q - a scroll of fog {unknown}
 U - a scroll of enchant weapon {unknown}
Potions
 e - 6 potions of heal wounds
 g - 2 potions of berserk rage
 i - 2 potions of lignification
 k - 8 potions of brilliance
 m - a potion of might {unknown}
 n - 3 potions of haste
 p - 2 potions of resistance
 C - 2 potions of ambrosia
 I - 2 potions of invisibility
 X - a potion of curing
Books
 Y - a book of the Sky

   Spells                             Type                      Level
   a - Summon Lightning Spire         Summoning/Air                4
   b - Silence                        Hexes/Air                    5
   c - Deflect Missiles               Charms/Air                   6
   d - Conjure Ball Lightning         Conjuration/Air              6
   e - Tornado                        Air                          9
Miscellaneous
 H - a lightning rod (4/4)
 S - a sack of spiders
Comestibles
 f - 35 rations


   Skills:
 + Level 9.9 Fighting
 + Level 7.3 Short Blades
 + Level 7.3 Long Blades
 + Level 7.3 Axes
 + Level 9.9 Maces & Flails
 + Level 7.3 Polearms
 + Level 7.3 Staves
 + Level 7.3 Slings
 + Level 7.3 Bows
 + Level 7.3 Crossbows
 + Level 7.3 Throwing
 + Level 7.8 Armour
 + Level 7.8 Dodging
 + Level 7.3 Stealth
 + Level 8.7 Shields
 + Level 7.3 Unarmed Combat
 + Level 7.3 Spellcasting
 + Level 6.1 Conjurations
 + Level 6.1 Hexes
 + Level 6.1 Charms
 + Level 6.1 Summonings
 + Level 6.1 Necromancy
 + Level 6.1 Translocations
 + Level 6.1 Transmutations
 + Level 6.1 Fire Magic
 + Level 6.1 Ice Magic
 + Level 6.1 Air Magic
 + Level 6.1 Earth Magic
 + Level 6.1 Poison Magic
 + Level 8.1 Invocations
 + Level 7.3 Evocations


You had 21 spell levels left.
You knew the following spells:

 Your Spells              Type           Power        Failure   Level  Hunger
a - Summon Lightning Spi  Summ/Air       ####....     26%         4    ####...


Dungeon Overview and Level Annotations

Branches:
Dungeon (13/15)            Temple (1/1) D:6            Lair (0/6) D:8
    Orc (0/2) D:9
 Vaults: D:13-14

Altars:
Ashenzari
Cheibriados
Dithmenos
Elyvilon
Fedhas
Gozag
Hepliaklqana
Kikubaaqudgha
Makhleb
Nemelex Xobeh
Okawaru
Qazlal
Ru
Sif Muna
Trog
Uskayaw
Vehumet
Wu Jian
Xom
Yredelemnul
Zin
The Shining One

Shops:
D:4 =   D:6 ?   D:11 =!?

Portals:
Bazaar: D:13
Trove: D:10 (give 6 potions of haste)

Annotations:
D:4 Grinder
D:13 exclusion: ice statue, Azrael


Innate Abilities, Weirdness & Mutations

Your experience applies equally to all skills.
You have very sharp teeth.
Your uncanny sense of smell can sniff out nearby items.


Message History

The blast of flame hits you! The fire elemental barely misses you.
Found a scroll of teleportation and a scroll of remove curse.
Something hits Azrael!
Your phantasmal warrior blinks!
There is a flickering gateway to a bazaar here.
You whack the hell hound!
The hell hound is almost dead.
The hell hound barely misses you.
The shadow strikes at you from the darkness!
* * * LOW HITPOINT WARNING * * *
Reactivating autopickup.
The fire elemental hits you. The fire elemental burns you!
* * * LOW HITPOINT WARNING * * *
Your flying skull is engulfed in blazing flames.
The hell hound misses you. You block the shadow's attack.
The fire elemental hits you. The fire elemental burns you!
You die...
Your body rises from the dead as a mindless zombie.

###########
#?......?.#
#.........#
#.........#
#....§§§$.#
#....§§.§§#
#....§...§#
#....§§@.§#
#....§WhEE#
#....WOE§.#
#......§..#
#...:.§...#
#..?zz§R§.#
#.....§...#
#....§§...#
#.....§...#


You could see Azrael, 3 fire elementals, a hell hound, an ogre, a shadow, a
friendly phantasmal warrior and 2 friendly flying skulls.

Vanquished Creatures
  A catoblepas (D:13)
  2 two-headed ogres
  Erica (D:9)
  Pikel (D:5)
  An ugly thing (D:11)
  2 cyclopes
  A centaur skeleton (D:12)
  A komodo dragon (D:11)
  2 trolls
  2 hornets
  2 hippogriffs
  Sigmund (D:5)
  3 wraiths (D:12)
  A wyvern (D:11)
  A water elemental (D:12)
  A fire elemental (D:13)
  3 hungry ghosts
  2 vampire mosquitoes (D:11)
  A warg (D:8)
  An acid dragon (D:12)
  A hell hound (D:13)
  2 ice beasts
  6 orc warriors
  2 sky beasts
  A hornet zombie (D:12)
  3 phantoms
  2 slaves (D:5)
  A necrophage (D:11)
  10 ogres
  9 centaurs
  5 bullfrogs
  A wyvern skeleton (D:9)
  A water moccasin skeleton (D:6)
  18 killer bees
  3 wights
  An electric eel (D:12)
  A lava snake (D:10)
  2 centaur zombies
  4 hounds
  5 jellies
  A bullfrog zombie (D:5)
  3 crimson imps
  2 orc priests
  2 bullfrog skeletons
  11 orc wizards
  4 iguanas
  11 worker ants
  A hound zombie (D:10)
  2 worker ant zombies
  Robin (D:3)
  12 gnolls
  11 adders
  3 shadow imps
  2 oozes
  4 worms
  3 dart slugs (D:1)
  5 leopard geckos
  21 orcs
  9 bats
  6 giant cockroaches
  19 goblins
  8 hobgoblins
  5 jackals
  12 kobolds
  5 quokkas
  3 ball pythons
  4 frilled lizards
  A leopard gecko zombie (D:5)
  A quokka skeleton (D:9)
  8 rats
288 creatures vanquished.

Vanquished Creatures (collateral kills)
  Snorg (D:13)
  Fannar (D:11)
  6 two-headed ogres
  A tengu warrior (D:13)
  2 trolls
  A hornet (D:9)
  2 hippogriffs
  3 shadows
  A wyvern (D:13)
  A hungry ghost (D:12)
  2 vampire mosquitoes (D:11)
  A warg (D:8)
  2 hell hounds (D:13)
  A sky beast (D:9)
  3 orc warriors
  2 ogres
  2 centaurs (D:13)
  2 big kobolds
  4 bullfrogs
  6 killer bees
  4 wights
  4 crimson imps
  A centaur zombie (D:7)
  A hound (D:9)
  3 orc priests
  5 orc wizards
  3 worker ants
  5 gnolls
  A howler monkey skeleton (D:8)
  2 adders
  A shadow imp (D:7)
  27 orcs
  A quokka (D:10)
  10 kobolds
112 creatures vanquished.

Vanquished Creatures (others)
  A two-headed ogre (D:11)
  A wizard (D:10)
  A catoblepas zombie (D:13)
  7 flying skulls
  A vampire (D:11)
  A wyvern (D:11)
  A yak (D:11)
  A two-headed ogre zombie (D:11)
  A centaur (D:11)
  2 vampire mosquito zombies (D:11)
  A troll zombie (D:13)
  A wyvern zombie (D:11)
  A hell hound zombie (D:13)
  A bullfrog skeleton (D:11)
  3 killer bee zombies (D:12)
  An acid dragon zombie (D:12)
  An adder (D:11)
  A worm (D:6)
  An orc (D:11)
  9 orc zombies
  A bush (D:4)
  2 plants (D:4)
40 creatures vanquished.

Grand Total: 440 creatures vanquished

Notes
Turn   | Place    | Note
-------+----------+-------------------------------------------
     0 | D:1      | Lanoc the Gnoll Wanderer began the quest for the Orb.
     0 | D:1      | Lanoc set off with: a +0 shield, a +0 hand crossbow, 30 bolts, a potion of curing, a +0 robe, a ration
     0 | D:1      | Reached XP level 1. HP: 23/23 MP: 1/1
    45 | D:1      | Reached XP level 2. HP: 28/29 MP: 2/2
   378 | D:1      | Reached XP level 3. HP: 35/35 MP: 3/3
   692 | D:2      | Found a faded altar of an unknown god.
   703 | D:2      | Became a worshipper of Yredelemnul the Dark
   703 | D:2      | Reached * piety under Yredelemnul
   740 | D:2      | Reached skill level 1 in Invocations
   838 | D:2      | Found a shadowy altar of Dithmenos.
   855 | D:2      | Reached skill level 1 in Short Blades
   855 | D:2      | Reached skill level 1 in Long Blades
   855 | D:2      | Reached skill level 1 in Axes
   855 | D:2      | Reached skill level 1 in Polearms
   855 | D:2      | Reached skill level 1 in Staves
   855 | D:2      | Reached skill level 1 in Slings
   855 | D:2      | Reached skill level 1 in Bows
   855 | D:2      | Reached skill level 1 in Crossbows
   855 | D:2      | Reached skill level 1 in Throwing
   855 | D:2      | Reached skill level 1 in Stealth
   855 | D:2      | Reached skill level 1 in Unarmed Combat
   855 | D:2      | Reached skill level 1 in Spellcasting
   855 | D:2      | Reached skill level 1 in Evocations
   934 | D:2      | Reached XP level 4. HP: 28/41 MP: 5/5
  1109 | D:2      | Found an opulent altar of Gozag.
  1128 | D:2      | Found a bloodstained altar of Trog.
  1128 | D:2      | Found a glowing golden altar of the Shining One.
  1154 | D:2      | Reached ** piety under Yredelemnul
  1341 | D:2      | Reached skill level 1 in Conjurations
  1341 | D:2      | Reached skill level 1 in Hexes
  1341 | D:2      | Reached skill level 1 in Charms
  1341 | D:2      | Reached skill level 1 in Summonings
  1341 | D:2      | Reached skill level 1 in Necromancy
  1341 | D:2      | Reached skill level 1 in Translocations
  1341 | D:2      | Reached skill level 1 in Transmutations
  1341 | D:2      | Reached skill level 1 in Fire Magic
  1341 | D:2      | Reached skill level 1 in Ice Magic
  1341 | D:2      | Reached skill level 1 in Air Magic
  1341 | D:2      | Reached skill level 1 in Earth Magic
  1341 | D:2      | Reached skill level 1 in Poison Magic
  1721 | D:3      | Found a basalt altar of Yredelemnul.
  1784 | D:3      | Reached XP level 5. HP: 43/47 MP: 6/6
  2018 | D:3      | Noticed Robin
  2087 | D:2      | HP: 2/47 [goblin/dagger[Robin] (3)]
  2459 | D:3      | Killed Robin
  3233 | D:4      | Reached XP level 6. HP: 41/53 MP: 8/8
  3236 | D:4      | Noticed a phantom
  3277 | D:4      | Killed a phantom
  3277 | D:4      | Reached skill level 5 in Shields
  3562 | D:4      | Noticed a two-headed ogre
  3721 | D:4      | Noticed Grinder
  4103 | D:4      | Reached XP level 7. HP: 17/59 MP: 10/10
  4361 | D:4      | Got a steaming whip
  4362 | D:4      | Identified the +12 whip "Acaffuf" {slash, MR+} (You found it on level 4 of the Dungeon)
  4601 | D:4      | Found Nipof's Jewellery Shop.
  4731 | D:4      | Found a hazy altar of Hepliaklqana.
  4742 | D:4      | Found a white marble altar of Elyvilon.
  4742 | D:4      | Found a deep blue altar of Sif Muna.
  4814 | D:5      | Entered Level 5 of the Dungeon
  4894 | D:5      | Found an iron altar of Okawaru.
  5047 | D:5      | Noticed Pikel
  5060 | D:5      | Killed Pikel
  5060 | D:5      | Reached XP level 8. HP: 57/67 MP: 11/13
  5186 | D:5      | Noticed Sigmund
  5537 | D:5      | Killed Sigmund
  5635 | D:6      | Found a staircase to the Ecumenical Temple.
  5643 | D:6      | Reached *** piety under Yredelemnul
  5646 | D:6      | Received a gift from Yredelemnul (a mummy)
  5691 | Temple   | Entered the Ecumenical Temple
  5901 | D:6      | Reached XP level 9. HP: 60/72 MP: 14/14
  6233 | D:6      | Found Vafaegan's Magic Scroll Shop.
  6236 | D:6      | Bought a scroll of magic mapping for 49 gold pieces
  6236 | D:6      | Bought a scroll of identify for 28 gold pieces
  6481 | D:7      | Found a flagged portal.
  6509 | Bailey   | Entered a bailey
  6531 | Bailey   | Received a gift from Yredelemnul (3 flying skulls)
  6688 | Bailey   | Found a burning altar of Makhleb.
  6696 | Bailey   | Reached skill level 5 in Armour
  6696 | Bailey   | Reached skill level 5 in Dodging
  6935 | D:7      | Reached **** piety under Yredelemnul
  7001 | D:7      | Got a flickering lead ring
  7002 | D:7      | Identified the ring of the Cockroach {rCorr Dex+5 Stlth-} (You found it on level 7 of the Dungeon)
  7199 | D:7      | Received a gift from Yredelemnul (5 flying skulls)
  7248 | D:7      | Reached skill level 5 in Invocations
  7449 | D:8      | Reached XP level 10. HP: 47/80 MP: 15/17
  7558 | D:8      | Noticed a two-headed ogre
  7564 | D:8      | Killed a two-headed ogre
  7611 | D:8      | Found a shattered altar of Ashenzari.
  7623 | D:8      | Noticed a two-headed ogre
  7629 | D:8      | Reached skill level 5 in Short Blades
  7629 | D:8      | Reached skill level 5 in Long Blades
  7629 | D:8      | Reached skill level 5 in Axes
  7629 | D:8      | Reached skill level 5 in Polearms
  7629 | D:8      | Reached skill level 5 in Staves
  7629 | D:8      | Reached skill level 5 in Slings
  7629 | D:8      | Reached skill level 5 in Bows
  7629 | D:8      | Reached skill level 5 in Crossbows
  7629 | D:8      | Reached skill level 5 in Throwing
  7629 | D:8      | Reached skill level 5 in Stealth
  7629 | D:8      | Reached skill level 5 in Unarmed Combat
  7629 | D:8      | Reached skill level 5 in Spellcasting
  7629 | D:8      | Reached skill level 5 in Evocations
  7631 | D:8      | Killed a two-headed ogre
  7667 | D:8      | Reached ***** piety under Yredelemnul
  7692 | D:8      | Noticed a two-headed ogre
  7703 | D:8      | Killed a two-headed ogre
  7932 | D:8      | Noticed a cyclops
  7944 | D:8      | Killed a cyclops
  8034 | D:8      | Found a staircase to the Lair.
  8489 | D:9      | Found a sparkling altar of Nemelex Xobeh.
  8505 | D:9      | Received a gift from Yredelemnul (a wraith)
  8637 | D:9      | Noticed a two-headed ogre
  8654 | D:9      | Killed a two-headed ogre
  8654 | D:9      | Reached XP level 11. HP: 39/87 MP: 19/19
  9025 | D:9      | Noticed a cyclops
  9034 | D:9      | Killed a cyclops
  9322 | D:9      | Found a blossoming altar of Fedhas.
  9407 | D:9      | Noticed Erica
  9417 | D:9      | Killed Erica
  9417 | D:9      | Reached skill level 5 in Conjurations
  9417 | D:9      | Reached skill level 5 in Hexes
  9417 | D:9      | Reached skill level 5 in Charms
  9417 | D:9      | Reached skill level 5 in Summonings
  9417 | D:9      | Reached skill level 5 in Necromancy
  9417 | D:9      | Reached skill level 5 in Translocations
  9417 | D:9      | Reached skill level 5 in Transmutations
  9417 | D:9      | Reached skill level 5 in Fire Magic
  9417 | D:9      | Reached skill level 5 in Ice Magic
  9417 | D:9      | Reached skill level 5 in Air Magic
  9417 | D:9      | Reached skill level 5 in Earth Magic
  9417 | D:9      | Reached skill level 5 in Poison Magic
  9504 | D:9      | Received a gift from Yredelemnul (2 flying skulls)
  9609 | D:9      | Found a staircase to the Orcish Mines.
  9738 | D:10     | Entered Level 10 of the Dungeon
  9751 | D:10     | Found a bloodstained altar of Trog.
  9786 | D:10     | Noticed a two-headed ogre
  9793 | D:10     | Killed a two-headed ogre
  9945 | D:10     | Noticed a two-headed ogre
  9952 | D:10     | Killed a two-headed ogre
 10098 | D:10     | Reached ****** piety under Yredelemnul
 10188 | D:10     | Found a portal to a secret trove of treasure.
 10485 | D:10     | Noticed a wizard
 10488 | D:10     | Killed a wizard
 10541 | D:10     | You fall through a shaft!
 10542 | D:11     | Found Pudi's Magic Scroll Shoppe.
 10590 | D:11     | Killed a two-headed ogre
 10600 | D:11     | Received a gift from Yredelemnul (a vampire)
 10632 | D:11     | Noticed a cyan ugly thing
 10642 | D:11     | Killed a cyan ugly thing
 11119 | D:11     | Noticed Fannar
 11146 | D:11     | Noticed a two-headed ogre
 11147 | D:11     | Killed Fannar
 11154 | D:11     | Killed a two-headed ogre
 11154 | D:11     | Reached XP level 12. HP: 53/96 MP: 15/22
 11324 | D:11     | Found Qobovyump's Jewellery Emporium.
 11599 | D:11     | Found a shimmering altar of Xom.
 11719 | D:11     | Found Umua's Distillery.
 11727 | D:11     | Bought a potion of haste for 160 gold pieces
 11887 | D:12     | Noticed a two-headed ogre
 12033 | D:11     | Killed a two-headed ogre
 12219 | D:12     | Received a gift from Yredelemnul (4 flying skulls)
 12541 | D:13     | Received a gift from Yredelemnul (a phantasmal warrior)
 12548 | D:13     | Got an iridescent battleaxe
 12555 | D:13     | Identified the +5 battleaxe "Geitom" {venom, Str+2 Int-5 Stlth+} (You found it on level 13 of the Dungeon)
 12582 | D:13     | Learned a level 4 spell: Summon Lightning Spire
 12604 | D:13     | Noticed a catoblepas
 12606 | D:13     | Noticed Snorg
 12628 | D:13     | Killed a catoblepas
 12631 | D:13     | Noticed a tengu warrior
 12635 | D:13     | Killed Snorg
 12643 | D:13     | Killed a tengu warrior
 12652 | D:13     | Noticed Azrael
 12663 | D:13     | Your ally Snorg died
 12670 | D:13     | Found a flickering gateway to a bazaar.
 12679 | D:13     | Slain by a fire elemental

Skill      XL: |  1  2  3  4  5  6  7  8  9 10 11 12 |
---------------+-------------------------------------+-----
Invocations    | 1 2 3 4 5 6 7 8 |  8.1
Short Blades   | 1 2 3 4 5 6 7 |  7.3
Long Blades    | 1 2 3 4 5 6 7 |  7.3
Axes           | 1 2 3 4 5 6 7 |  7.3
Polearms       | 1 2 3 4 5 6 7 |  7.3
Staves         | 1 2 3 4 5 6 7 |  7.3
Slings         | 1 2 3 4 5 6 7 |  7.3
Bows           | 1 2 3 4 5 6 7 |  7.3
Crossbows      | 1 2 3 4 5 6 7 |  7.3
Throwing       | 1 2 3 4 5 6 7 |  7.3
Stealth        | 1 2 3 4 5 6 7 |  7.3
Unarmed Combat | 1 2 3 4 5 6 7 |  7.3
Spellcasting   | 1 2 3 4 5 6 7 |  7.3
Evocations     | 1 2 3 4 5 6 7 |  7.3
Conjurations   | 1 2 3 4 5 6 |  6.1
Hexes          | 1 2 3 4 5 6 |  6.1
Charms         | 1 2 3 4 5 6 |  6.1
Summonings     | 1 2 3 4 5 6 |  6.1
Necromancy     | 1 2 3 4 5 6 |  6.1
Translocations | 1 2 3 4 5 6 |  6.1
Transmutations | 1 2 3 4 5 6 |  6.1
Fire Magic     | 1 2 3 4 5 6 |  6.1
Ice Magic      | 1 2 3 4 5 6 |  6.1
Air Magic      | 1 2 3 4 5 6 |  6.1
Earth Magic    | 1 2 3 4 5 6 |  6.1
Poison Magic   | 1 2 3 4 5 6 |  6.1
Armour         | 3 4 5 6 7 |  7.8
Dodging        | 3 4 5 6 7 |  7.8
Shields        | 5 6 7 8 |  8.7
Fighting       | 7 8 9 |  9.9
Maces & Flails | 7 8 9 |  9.9

Action                   |  1- 3 |  4- 6 |  7- 9 | 10-12 || total
-------------------------+-------+-------+-------+-------++-------
Melee: Club              |       |   202 |       |       ||   202
       Bite              |       |    33 |    29 |    83 ||   145
       Whip              |       |       |   219 |   495 ||   714
 Fire: Hand crossbow     |    98 |    60 |       |       ||   158
Throw: Tomahawk          |       |       |    16 |       ||    16
Invok: Animate Dead      |       |       |       |    20 ||    20
       Enslave Soul      |       |       |       |     1 ||     1
  Use: Scroll            |       |     7 |     7 |     2 ||    16
       Potion            |       |     4 |       |     2 ||     6
 Stab: Sleeping          |       |     2 |    10 |     2 ||    14
       Distracted        |       |       |     3 |     5 ||     8
       Petrified         |       |       |       |     7 ||     7
  Eat: Chunk             |       |     5 |     9 |    43 ||    57
       Ration            |       |     1 |     1 |       ||     2
Armor: Robe              |     5 |    13 |       |       ||    18
       Animal skin       |       |     8 |    18 |     3 ||    29
       Ring mail         |       |       |       |    39 ||    39
       Acid dragon scale |       |       |       |     9 ||     9
Dodge: Dodged            |    24 |    98 |    95 |   172 ||   389
Block: Shield            |    26 |   123 |   103 |   208 ||   460
